SAAA
TORTOLITA DRUMMERS @ ALLOWAY HALBERDS
09/02/2028
 
TOP OF THE 1ST
Tortolita Drummers batting - Pitching for Alloway Halberds : RHP Orlando De Jesús
Pitching: RHP Orlando De Jesús
Batting: RHB Jesús Martínez 0-0: SOLO HOME RUN (Flyball, 7LD), Distance : 363 ft
Batting: RHB Jim Burch 0-0: Ball
1-0: Called Strike
1-1: Ball
2-1: Swinging Strike
2-2: Foul Ball, location: 2F
2-2: Foul Ball, location: 2F
2-2: SINGLE (Line Drive, 4MD)
Batting: RHB Ricardo Pacheco 0-0: Ball
1-0: Ball
2-0: Ball
3-0: Base on Balls
Jim Burch to second
Batting: LHB Ramón García 0-0: Called Strike
0-1: Grounds into double play, 6-4-3 (Groundball, 6)
Jim Burch to third
Batting: SHB Roberto Mosca 0-0: Ball
1-0: Foul Ball, location: 2F
1-1: Foul Ball, location: 2F
1-2: Fly out, F4 (Popup, 4D)
Top of the 1st over - 1 run(s), 2 hit(s), 0 error(s), 1 left on base; Tortolita 1 - Alloway 0
BOTTOM OF THE 1ST
Alloway Halberds batting - Pitching for Tortolita Drummers : RHP Francisco López
Pitching: RHP Francisco López
Batting: RHB Phil Sherman 0-0: DOUBLE (Line Drive, 8LD)
Batting: LHB Jesús Trevino 0-0: Ball
1-0: Ball
2-0: SINGLE (Line Drive, 34)
Phil Sherman to third
Batting: RHB Jordan Hollins 0-0: Called Strike
0-1: Ball
1-1: SINGLE (Groundball, 6MD)
Phil Sherman scores
Jesús Trevino to second
Runner from 2nd tries for 3rd, SAFE, throw made to third
Jordan Hollins to second
Batting: RHB Vito Middendorf 0-0: Ground out 5-3 (Groundball, 5)
Batting: RHB Juan Salinas 0-0: Swinging Strike
0-1: Foul Ball, location: 2F
0-2: Ball
1-2: Ball
2-2: Strikes out swinging
Batting: RHB Rafael Delgado 0-0: Called Strike
0-1: Foul Ball, location: 2F
0-2: Ball
1-2: Strikes out swinging
Bottom of the 1st over - 1 run(s), 3 hit(s), 0 error(s), 2 left on base; Tortolita 1 - Alloway 1
TOP OF THE 2ND
Tortolita Drummers batting - Pitching for Alloway Halberds : RHP Orlando De Jesús
Batting: RHB Sean Godron 0-0: Called Strike
0-1: Ground out 6-3 (Groundball, 6)
Batting: RHB Ed Hopkins 0-0: Ground out 6-3 (Groundball, 6)
Batting: RHB Miguel Canales 0-0: Ball
1-0: Ground out 5-3 (Groundball, 56)
Top of the 2nd over - 0 run(s), 0 hit(s), 0 error(s), 0 left on base; Tortolita 1 - Alloway 1
BOTTOM OF THE 2ND
Alloway Halberds batting - Pitching for Tortolita Drummers : RHP Francisco López
Batting: LHB Toby Kamin 0-0: Ball
1-0: Ball
2-0: Foul Ball, location: 2F
2-1: Foul Ball, location: 2F
2-2: SINGLE (Groundball, 4D)
Batting: RHB Carlos De Jesús 0-0: Called Strike
0-1: Ball
1-1: Swinging Strike
1-2: Foul Ball, location: 2F
1-2: Hit by Pitch
Toby Kamin to second
Batting: LHB José Zarate 0-0: Foul Ball, location: 2F
0-1: Ball
1-1: Ball
2-1: Ball
3-1: Called Strike
3-2: SINGLE (Groundball, 5D)
Toby Kamin to third
Carlos De Jesús to second
Batting: RHB Phil Sherman 0-0: Ball
1-0: Foul Ball, location: 2F
1-1: Foul Ball, location: 2F
1-2: Ball
2-2: Grounds into double play, 5-4-3 (Groundball, 56)
Toby Kamin scores
Carlos De Jesús to third
Batting: LHB Jesús Trevino 0-0: Ball
1-0: Called Strike
1-1: Called Strike
1-2: Foul Ball, location: 2F
1-2: Ball
2-2: Foul Ball, location: 2F
2-2: Foul Ball, location: 2F
2-2: Ball
3-2: Base on Balls
Batting: RHB Jordan Hollins 0-0: Called Strike
0-1: Foul Ball, location: 2F
0-2: Foul Ball, location: 2F
0-2: Ball
1-2: Fly out, F9 (Flyball, 9LS)
Bottom of the 2nd over - 1 run(s), 2 hit(s), 0 error(s), 2 left on base; Tortolita 1 - Alloway 2
TOP OF THE 3RD
Tortolita Drummers batting - Pitching for Alloway Halberds : RHP Orlando De Jesús
Batting: RHB Jeb Sexton 0-0: Ball
1-0: Foul Ball, location: 2F
1-1: Ball
2-1: Swinging Strike
2-2: Ball
3-2: Strikes out looking
Batting: RHB Jesús Martínez 0-0: Ball
1-0: Ball
2-0: Foul Ball, location: 2F
2-1: Swinging Strike
2-2: Fly out, F8 (Flyball, 8LM)
Batting: RHB Jim Burch 0-0: Ball
1-0: DOUBLE (Flyball, 78D)
Batting: RHB Ricardo Pacheco 0-0: Ball
1-0: Ball
2-0: Called Strike
2-1: Foul Ball, location: 2F
2-2: Ground out 3-1 (Groundball, 3S)
Top of the 3rd over - 0 run(s), 1 hit(s), 0 error(s), 1 left on base; Tortolita 1 - Alloway 2
BOTTOM OF THE 3RD
Alloway Halberds batting - Pitching for Tortolita Drummers : RHP Francisco López
Batting: RHB Vito Middendorf 0-0: Called Strike
0-1: Foul Ball, location: 2F
0-2: Foul Ball, location: 2F
0-2: Strikes out swinging
Batting: RHB Juan Salinas 0-0: SINGLE (Flyball, 78S)
Batting: RHB Rafael Delgado 0-0: Swinging Strike
0-1: Swinging Strike
0-2: Fly out, F9 (Flyball, 89S)
Batting: LHB Toby Kamin 0-0: Fielders Choice at 2nd, 4-6 (Groundball, 4)
Bottom of the 3rd over - 0 run(s), 1 hit(s), 0 error(s), 0 left on base; Tortolita 1 - Alloway 2
TOP OF THE 4TH
Tortolita Drummers batting - Pitching for Alloway Halberds : RHP Orlando De Jesús
Batting: LHB Ramón García 0-0: Foul Ball, location: 2F
0-1: Ball
1-1: SINGLE (Groundball, 5S) (infield hit)
Batting: SHB Roberto Mosca 0-0: Called Strike
Ramón García is caught stealing 2nd base
0-1: Foul Ball, location: 2F
0-2: Foul Ball, location: 2F
0-2: Ball
1-2: Strikes out looking
Batting: RHB Sean Godron 0-0: Ball
1-0: Ball
2-0: Called Strike
2-1: Foul Ball, location: 2F
2-2: Ball
3-2: Foul Ball, location: 2F
3-2: Foul Ball, location: 2F
3-2: Foul Ball, location: 2F
3-2: Base on Balls
Batting: RHB Ed Hopkins 0-0: Ball
1-0: Called Strike
1-1: Fly out, F7 (Flyball, 7D)
Top of the 4th over - 0 run(s), 1 hit(s), 0 error(s), 1 left on base; Tortolita 1 - Alloway 2
BOTTOM OF THE 4TH
Alloway Halberds batting - Pitching for Tortolita Drummers : RHP Francisco López
Batting: RHB Carlos De Jesús 0-0: Ball
1-0: Fly out, F4 (Popup, 4S)
Batting: LHB José Zarate 0-0: Called Strike
0-1: Ball
1-1: Ball
2-1: Swinging Strike
2-2: Ball
3-2: SINGLE (Groundball, 6MD)
Batting: RHB Phil Sherman 0-0: Ball
1-0: Grounds into double play, 6-4-3 (Groundball, 6)
Bottom of the 4th over - 0 run(s), 1 hit(s), 0 error(s), 0 left on base; Tortolita 1 - Alloway 2
TOP OF THE 5TH
Tortolita Drummers batting - Pitching for Alloway Halberds : RHP Orlando De Jesús
Batting: RHB Miguel Canales 0-0: Ball
1-0: Foul Ball, location: 2F
1-1: Foul Ball, location: 2F
1-2: Ground out 4-3 (Groundball, 4MS)
Batting: RHB Jeb Sexton 0-0: Called Strike
0-1: Called Strike
0-2: Foul Ball, location: 2F
0-2: Ball
1-2: Strikes out swinging
Batting: RHB Jesús Martínez 0-0: Foul Ball, location: 2F
0-1: Ball
1-1: Called Strike
1-2: Ball
2-2: Foul Ball, location: 2F
2-2: Ground out 1-3 (Groundball, P)
Top of the 5th over - 0 run(s), 0 hit(s), 0 error(s), 0 left on base; Tortolita 1 - Alloway 2
BOTTOM OF THE 5TH
Alloway Halberds batting - Pitching for Tortolita Drummers : RHP Francisco López
Batting: LHB Jesús Trevino 0-0: Reached on error, E3 (Groundball, 3)
Batting: RHB Jordan Hollins 0-0: Called Strike
0-1: Fly out, F9 (Flyball, 9S)
Batting: RHB Vito Middendorf 0-0: Ball
Jesús Trevino is caught stealing 2nd base
1-0: Foul Ball, location: 2F
1-1: SINGLE (Line Drive, 7LS)
Batting: RHB Juan Salinas 0-0: 2-RUN HOME RUN (Flyball, 7LD), Distance : 361 ft
Batting: RHB Rafael Delgado 0-0: Fly out, F6 (Popup, 6MD)
Bottom of the 5th over - 2 run(s), 2 hit(s), 1 error(s), 0 left on base; Tortolita 1 - Alloway 4
TOP OF THE 6TH
Tortolita Drummers batting - Pitching for Alloway Halberds : RHP Orlando De Jesús
Pitching: LHP António Muńóz
Batting: RHB Jim Burch 0-0: Ball
1-0: Ball
2-0: Ball
3-0: Called Strike
3-1: Base on Balls
Batting: RHB Ricardo Pacheco 0-0: Ball
1-0: Called Strike
1-1: Foul Ball, location: 2F
1-2: Ball
2-2: Ball
3-2: Ground out 4-3 (Groundball, 4MD)
Jim Burch to second
Batting: LHB Ramón García 0-0: Ball
1-0: Ball
2-0: Ball
3-0: Called Strike
3-1: Foul Ball, location: 2F
3-2: Foul Ball, location: 2F
3-2: Strikes out swinging
Batting: SHB Roberto Mosca 0-0: Called Strike
0-1: Ball
1-1: Foul Ball, location: 2F
1-2: Strikes out looking
Top of the 6th over - 0 run(s), 0 hit(s), 0 error(s), 1 left on base; Tortolita 1 - Alloway 4
BOTTOM OF THE 6TH
Alloway Halberds batting - Pitching for Tortolita Drummers : RHP Francisco López
Batting: LHB Toby Kamin 0-0: Called Strike
0-1: Ball
1-1: Foul Ball, location: 2F
1-2: Foul Ball, location: 2F
1-2: Strikes out looking
Batting: RHB Carlos De Jesús 0-0: SINGLE (Groundball, 56D)
Batting: LHB José Zarate 0-0: Fly out, F1 (Line Drive, 13S)
Batting: RHB Phil Sherman 0-0: Ball
1-0: Called Strike
1-1: Ball
2-1: Ball
3-1: Base on Balls
Carlos De Jesús to second
Batting: LHB Jesús Trevino 0-0: Ball
1-0: Ball
2-0: Ball
3-0: Base on Balls
Carlos De Jesús to third
Phil Sherman to second
Batting: RHB Jordan Hollins 0-0: Ball
1-0: Ball
2-0: Ball
3-0: Called Strike
3-1: Foul Ball, location: 2F
3-2: Foul Ball, location: 2F
3-2: Base on Balls
Carlos De Jesús scores
Phil Sherman to third
Jesús Trevino to second
Pitching: LHP Motoyuki Nakamura
Batting: RHB Vito Middendorf 0-0: Called Strike
0-1: Called Strike
0-2: Foul Ball, location: 2F
0-2: Ball
1-2: Foul Ball, location: 2F
1-2: Fly out, F5 (Popup, 5S)
Bottom of the 6th over - 1 run(s), 1 hit(s), 0 error(s), 3 left on base; Tortolita 1 - Alloway 5
TOP OF THE 7TH
Tortolita Drummers batting - Pitching for Alloway Halberds : LHP António Muńóz
Batting: RHB Sean Godron 0-0: Ball
1-0: Foul Ball, location: 2F
1-1: Ball
2-1: Foul Ball, location: 2F
2-2: Foul Ball, location: 2F
2-2: Ball
3-2: Ground out 6-3 (Groundball, 6)
Pitching: RHP Shi-lin Li
Batting: RHB Ed Hopkins 0-0: Ball
1-0: Called Strike
1-1: Swinging Strike
1-2: Strikes out looking
Batting: RHB Miguel Canales 0-0: Ball
1-0: Ground out 1-3 (Groundball, 13S)
Top of the 7th over - 0 run(s), 0 hit(s), 0 error(s), 0 left on base; Tortolita 1 - Alloway 5
BOTTOM OF THE 7TH
Alloway Halberds batting - Pitching for Tortolita Drummers : LHP Motoyuki Nakamura
Batting: RHB Juan Salinas 0-0: Fly out, F9 (Flyball, 9)
Batting: RHB Rafael Delgado 0-0: Ball
1-0: Ball
2-0: Swinging Strike
2-1: Ball
3-1: SINGLE (Groundball, 6MD)
Batting: LHB Toby Kamin 0-0: Ball
1-0: Called Strike
1-1: Ground out U3 (Groundball, 34S)
Rafael Delgado to second
Batting: RHB Carlos De Jesús 0-0: Called Strike
0-1: Foul Ball, location: 2F
0-2: Foul Ball, location: 2F
0-2: Ball
1-2: Foul Ball, location: 2F
1-2: Ball
2-2: DOUBLE (Groundball, 5L)
Rafael Delgado scores
Batting: LHB José Zarate 0-0: Ball
1-0: Ball
2-0: Ball
3-0: Base on Balls
Batting: RHB Phil Sherman 0-0: Called Strike
0-1: Foul Ball, location: 2F
0-2: SINGLE (Flyball, 7S)
Carlos De Jesús to third
José Zarate to second
Batting: LHB Jesús Trevino 0-0: Called Strike
0-1: Ball
1-1: Swinging Strike
1-2: Strikes out swinging
Bottom of the 7th over - 1 run(s), 3 hit(s), 0 error(s), 3 left on base; Tortolita 1 - Alloway 6
TOP OF THE 8TH
Tortolita Drummers batting - Pitching for Alloway Halberds : RHP Shi-lin Li
Batting: RHB Jeb Sexton 0-0: Ball
1-0: Called Strike
1-1: Swinging Strike
1-2: Strikes out swinging
Batting: RHB Jesús Martínez 0-0: SINGLE (Line Drive, 56)
Batting: RHB Jim Burch 0-0: Ball
1-0: Fly out, F5 (Line Drive, 5)
Pitching: RHP Kenete Daku
Batting: RHB Ricardo Pacheco 0-0: Foul Ball, location: 2F
0-1: Ball
1-1: Ball
2-1: Swinging Strike
2-2: Foul Ball, location: 2F
2-2: Strikes out looking
Top of the 8th over - 0 run(s), 1 hit(s), 0 error(s), 1 left on base; Tortolita 1 - Alloway 6
BOTTOM OF THE 8TH
Alloway Halberds batting - Pitching for Tortolita Drummers : LHP Motoyuki Nakamura
Batting: RHB Jordan Hollins 0-0: SINGLE (Line Drive, 8LS)
Batting: RHB Vito Middendorf 0-0: Ball
1-0: Ground out 5-3 (Groundball, 56S)
Jordan Hollins to second
Pitching: RHP Don Miller
Batting: RHB Juan Salinas 0-0: Called Strike
0-1: Foul Ball, location: 2F
0-2: Strikes out swinging
Batting: RHB Rafael Delgado 0-0: Ball
1-0: Fly out, F8 (Flyball, 8LM)
Bottom of the 8th over - 0 run(s), 1 hit(s), 0 error(s), 1 left on base; Tortolita 1 - Alloway 6
TOP OF THE 9TH
Tortolita Drummers batting - Pitching for Alloway Halberds : RHP Kenete Daku
Batting: LHB Ramón García 0-0: Fly out, F7 (Flyball, 78M)
Batting: SHB Roberto Mosca 0-0: Foul Ball, location: 2F
0-1: Foul Ball, location: 2F
0-2: Ball
1-2: Strikes out looking
Batting: RHB Sean Godron 0-0: Ground out 4-3 (Groundball, 4)
Top of the 9th over - 0 run(s), 0 hit(s), 0 error(s), 0 left on base; Tortolita 1 - Alloway 6
Thursday, August 31st, 2017 - OOTP Baseball 17.12 Build 75